 Dungeon Crawl Stone Soup version 0.31-a0-841-g038b102fc3 (webtiles) character file.

Game seed: 17202668583176529390

114 pokeman the Magician (level 4, -3/25 HPs)
             Began as a Deep Elf Hedge Wizard on Sept 27, 2023.
             Killed by miscasting Mephitic Cloud (6 damage)
             ... on level 3 of the Dungeon.
             The game lasted 00:03:30 (2984 turns).

pokeman the Magician (Deep Elf Hedge Wizard)        Turns: 2984, Time: 00:03:32

Health: -3/25      AC:  2    Str:  7    XL:     4   Next: 66%
Magic:  3/13       EV: 12    Int: 21    God:
Gold:   114        SH:  0    Dex: 14    Spells: 6/14 levels left

rFire   . . .        n - +2 short sword (venom)
rCold   . . .        (no shield)
rNeg    . . .        b - +0 robe
rPois   .            c - +0 hat
rElec   .            (no cloak)
rCorr   .            (no gloves)
SInv    .            (no boots)
Will    +....        (no amulet)
Stlth   ++           g - ring of willpower
HPRegen 0.24/turn    (no ring)
MPRegen 0.13/turn

%: no passive effects
@: on blink cooldown, very slightly contaminated
A: no striking features
a: no special abilities


You were on level 3 of the Dungeon.
You visited 1 branch of the dungeon, and saw 4 of its levels.

You collected 114 gold pieces.

Inventory:

Hand Weapons
 n - a +2 short sword of venom (weapon)
Armour
 b - a +0 robe (worn)
 c - a +0 hat (worn)
Jewellery
 g - a ring of willpower (left hand)
Scrolls
 a - a scroll of fog {unknown}
 e - a scroll of poison {unknown}
 h - a scroll of revelation {unknown}
 i - 2 scrolls of amnesia {unknown}
 j - a scroll of teleportation {unknown}
 m - 3 scrolls of identify {unknown}
 o - a scroll of immolation {unknown}
Potions
 d - a potion of magic
 f - a potion of curing {unknown}
 k - a potion of might {unknown}
 l - a potion of attraction {unknown}


   Skills:
 - Level 1.0 Fighting
 - Level 1.0 Armour
 + Level 2.8 Dodging
 + Level 2.9 Stealth
 * Level 5.8 Spellcasting
 + Level 2.3 Conjurations
 - Level 1.1 Summonings
 - Level 1.1 Translocations


You had 6 spell levels left.
You knew the following spells:

 Your Spells              Type           Power      Damage    Failure   Level
a - Magic Dart            Conj           64%        1d6       3%          1
b - Mephitic Cloud        Conj/Pois/Air  9%         N/A       22%         3
c - Call Imp              Summ           20%        N/A       10%         2
d - Blink                 Tloc           20%        N/A       10%         2

Your spell library contained the following spells:

 Spells                   Type           Power      Damage    Failure   Level
 Slow                     Hex            24%        N/A       10%         1
 Cigotuvi's Dreadful Rot  Necr/Pois/Air  12%        N/A       16%         2
 Call Canine Familiar     Summ           10%        N/A       19%         3
 Sigil of Binding         Hex            6%         N/A       30%         3
 Dimensional Bullseye     Hex/Tloc       4%         N/A       61%         4
 Leda's Liquefaction      Hex/Erth       3%         N/A       69%         4


Dungeon Overview and Level Annotations

Branches:
Dungeon (4/15)
 Temple: D:4-7

Altars:

Shops:
D:2 =


Message History

Casting: Magic Dart (safe; 3% risk of failure)
Confirm with . or Enter, or press ? or * to list all spells.
Aiming: Magic Dart (safe; 3% risk of failure)
Press: ? - help, Shift-Dir - straight line, f/p - quokka
Aim: a quokka (severely wounded, 100% to hit)
The magic dart hits the quokka but does no damage.
The quokka is severely wounded.
The scorpion misses you. The quokka bites you.
A dart slug comes into view.
A ball python comes into view.
The ball python hisses angrily.
Unknown command.
The scorpion misses you.
The quokka bites you but does no damage.
The ball python bites you. The ball python grabs you.
You stop ascending the stairs.
The ball python constricts you.
Unknown command.
Unknown command.
You escape the ball python's grasp.
The scorpion stings you!
* * * LOW HITPOINT WARNING * * *
The quokka bites you but does no damage.
You climb upwards.
There is a stone staircase leading down here.
Unknown command.
Unknown command.
Unknown command.
Casting: Magic Dart (safe; 3% risk of failure)
Confirm with . or Enter, or press ? or * to list all spells.
You blink.
The ball python bites you.
* * * LOW HITPOINT WARNING * * *
The ball python closely misses you.
Unknown command.
Casting: Blink (safe; 10% risk of failure)
Confirm with . or Enter, or press ? or * to list all spells.
Aiming: Mephitic Cloud (extremely dangerous; 22% risk of failure)
Press: ? - help, Shift-Dir - straight line, f - scorpion
Aim: a scorpion (chance to affect: 81%)
You miscast Mephitic Cloud.
You are very lightly contaminated with residual magic.
You are blasted with magical energy.
You die...

#........#......[....# #.###
#######...###.###..### #.#..
##..# #.# #..## #.#.# #..# #.#
#...# #.#.# ######..###.#
#.#.# #.#.#
#.........§.###...#### #...#
##.####..##sr##.......# ##..#
##...###.....S##.#####.# #..#
#.....##.###.@##.# #.####..#
#.............##.# #........
#.....#.####..##.# #.####..#
#....##.# #.....#####[.......
#.#.###.# #.................#
#.#.###.####^.####............
#.#..)........##.....#######.#
#.#####..<.÷..##.##### #.#
#.###########....# #..


You could see a scorpion, a quokka and a ball python.

Vanquished Creatures
  Jessica (D:3)
  3 adders
  A gnoll (D:1)
  A dart slug (D:1)
  4 ball pythons
  2 endoplasms
  3 giant cockroaches
  6 goblins
  3 hobgoblins
  4 jackals (D:2)
  3 quokkas
  3 bats (D:1)
  2 frilled lizards
  5 kobolds
  5 rats
46 creatures vanquished.

Notes
Turn   | Place    | Note
-------+----------+-------------------------------------------
     0 | D:1      | pokeman the Deep Elf Hedge Wizard began the quest for the
                  | Orb.
     0 | D:1      | Reached XP level 1. HP: 10/10 MP: 7/7
   272 | D:1      | Reached XP level 2. HP: 16/16 MP: 7/9
   674 | D:1      | Found a faded altar of an unknown god.
   683 | D:1      | Reached skill level 5 in Spellcasting
   683 | D:1      | Reached XP level 3. HP: 13/20 MP: 1/11
   702 | D:1      | Learned a level 3 spell: Mephitic Cloud
   705 | D:1      | Learned a level 2 spell: Call Imp
   708 | D:1      | Learned a level 2 spell: Blink
  1523 | D:2      | Reached skill level 1 in Fighting
  1523 | D:2      | Reached skill level 1 in Armour
  1572 | D:2      | Found Nuron's Jewellery Boutique.
  2185 | D:3      | Noticed Jessica
  2189 | D:3      | Reached XP level 4. HP: 25/25 MP: 1/13
  2288 | D:3      | Killed Jessica
  2976 | D:4      | Noticed a scorpion
  2984 | D:3      | Killed by miscasting Mephitic Cloud

Illustrated notes

Levels and vault maps discovered:
D:1:      erik_arrival_cave_to_civilisation [erik_arrival_cave_to_hall],
          layout_rooms, shapermc_ecumenical_altar_starsandcircs, st_stairs_9
D:2:      layout_loops_ring, serial_shops, shop
D:3:      layout_loops_ring, nrook_loot_triangle, uniq_jessica
D:4:      layout_rooms, ebering_ghost_disaster_area

Skill      XL: |  1  2  3 |
---------------+----------+-----
Spellcasting   | 5 |  5.8
Fighting       | 1 |  1.0
Armour         | 1 |  1.0
Conjurations   | 2 |  2.3
Dodging        | |  2.8
Stealth        | |  2.9
Summonings     | |  1.1
Translocations | |  1.1

Action                     |  1- 3 |  4- 6 || total
---------------------------+-------+-------++-------
  Melee: Dagger            |     3 |       ||     3
         Short sword       |       |     2 ||     2
   Cast: Magic Dart        |   106 |    15 ||   121
         Mephitic Cloud    |       |     1 ||     1
         Blink             |       |     1 ||     1
    Use: Potion            |       |     2 ||     2
 Armour: Robe              |    12 |    11 ||    23
  Dodge: Dodged            |    23 |     4 ||    27

Table legend: (Time is in decaauts)
 A = Elapsed time spent in this place.
 B = Non-inter-level travel time spent in this place.
 C = Inter-level travel time spent in this place.
 D = Time resting spent in this place.
 E = Time spent auto-exploring this place.
 F = Levels seen in this place.
 G = Mean time per level.
                   A        B        C        D        E       F      G
               +--------+--------+--------+--------+--------+-----+--------+
         Total |   2995 |   2971 |     24 |    132 |   2578 |   4 |  748.8 |
       Dungeon |   2995 |   2971 |     24 |    132 |   2578 |   4 |  748.8 |
               +--------+--------+--------+--------+--------+-----+--------+

Top non-repeatable levels by time:
     D:1: 1142 daAuts
     D:2: 1120 daAuts
     D:3: 723 daAuts
     D:4: 8 daAuts
